 Dungeon Crawl Stone Soup version 0.19-a0-994-g3c636f0 (webtiles) character file.

1493 HAL9000 the Basher (level 8, -8/89 HPs)
             Began as an Ogre Hunter on July 17, 2016.
             Was a Follower of Trog.
             Mangled by an orc warrior
             ... wielding a +0 short sword
              (13 damage)
             ... on level 6 of the Dungeon.
             The game lasted 00:12:38 (4746 turns).

HAL9000 the Basher (Ogre Hunter)                    Turns: 4746, Time: 00:12:39

Health: -8/89      AC:  7    Str: 18    XL:     8   Next: 81%
Magic:  8/8        EV: 10    Int: 10    God:    Trog [*.....]
Gold:   59         SH:  0    Dex: 12    Spells: 0 memorised, 7 levels left

rFire  + . .     SeeInvis .     H - -3 giant spiked club (curse)
rCold  . . .     Gourm    .     z - +1 robe of the Five Dances {Regen+}
rNeg   . . .     Faith    .     (shield currently unavailable)
rPois  .         Spirit   .     (helmet restricted)
rElec  .         Dismiss  .     q - +2 cloak {+Inv}
rCorr  .         Reflect  .     (gloves unavailable)
SustAt .         Harm     .     (boots unavailable)
MR     .....                    (no amulet)
Stlth  +.........               (no ring)
                                u - ring of protection from fire

@: not resistant to hostile enchantments, very unstealthy
A: unfitting armour, tough skin 1
a: Berserk, Burn Spellbooks, Renounce Religion, Evoke Invisibility


You were on level 6 of the Dungeon.
You worshipped Trog.
Trog was aware of your devotion.
You were not hungry.

You visited 2 branches of the dungeon, and saw 7 of its levels.

You collected 207 gold pieces.
You spent 148 gold pieces at shops.

Inventory:

Hand Weapons
 p - a +0 mace of venom
 H - a cursed -3 giant spiked club (weapon)
 J - a +0 flail of draining
Missiles
 c - 4 large rocks (quivered)
 d - 2 throwing nets
Armour
 q - a +2 cloak of invisibility (worn)
 z - the +1 robe of the Five Dances (worn) {Regen+}
   (You bought it in a shop on level 4 of the Dungeon)

   It increases your rate of regeneration.
Jewellery
 u - a ring of protection from fire (left hand)
Wands
 x - a wand of iceblast (3/15)
 C - a wand of enslavement (18/24)
Scrolls
 l - 3 scrolls of enchant armour
 y - a scroll of recharging
 G - a scroll of fear
Potions
 e - a potion of lignification {unknown}
 i - a potion of cancellation {unknown}
 k - 2 potions of curing
 o - a potion of might {unknown}
 D - a potion of agility
Comestibles
 f - 5 bread rations
 m - 2 meat rations
 v - a slice of pizza
 w - 2 fruits
 I - a chunk of flesh


   Skills:
 + Level 8.6 Fighting
 * Level 10.9 Maces & Flails
 - Level 4.0 Throwing
 - Level 2.1 Dodging
 - Level 0.7 Stealth


You had 7 spell levels left.
You didn't know any spells.

Dungeon Overview and Level Annotations

Branches:
Dungeon (6/15)             Temple (1/1) D:4

Altars:
Ashenzari
Cheibriados
Dithmenos
Elyvilon
Fedhas
Hepliaklqana
Kikubaaqudgha
Makhleb
Nemelex Xobeh
Pakellas
Sif Muna
Trog
Uskayaw
Vehumet
Xom
Yredelemnul
Zin
The Shining One

Shops:
D:4 [[


Innate Abilities, Weirdness & Mutations

You are too large for most types of armour.
You have tough skin. (AC +1)


Message History

The orc warrior is almost dead.
The orc misses you.
The orc warrior hits you but does no damage.
The orc hits you from afar with a trident.
* * * LOW HITPOINT WARNING * * *
You hit the orc warrior but do no damage.
The orc warrior is almost dead.
The orc warrior hits you with a short sword!!
* * * LOW HITPOINT WARNING * * *
The orc hits you but does no damage. The orc warrior barely misses you.
Unknown command.
Okay, then.
You hit the orc warrior.
The orc warrior is almost dead.
The orc barely misses you. The orc warrior barely misses you.
Unknown command.
You barely miss the orc warrior.
The orc warrior is almost dead.
The orc warrior hits you with a short sword!
You die...

#.......# ######.#
.........######
#.#
.###...##(.....
##.## #...##.....
#...# ....<....o
#.(## .?..... #.##
# .... #.# ..
#o#### #.# #.
#.o@.# ####.# #.
##.###.## #....#
#..##..### .#
#.#### #........#
.# #.#
#...#.##.##.# #.#
#.#....#.#.####.#
#...###.........#
.##.#####.########
..........#


You could see an orc warrior and an orc.

Vanquished Creatures
  The ghost of Multipenetrator the Magician, an amateur DECj (D:4)
  An ice beast (D:5)
  5 ogres
  3 phantoms
  3 killer bees
  A howler monkey (D:4)
  A crimson imp (D:6)
  3 hounds (D:4)
  2 orc priests
  Crazy Yiuf (D:2)
  A centaur skeleton (D:4)
  3 worker ants
  4 adders
  2 oozes (D:2)
  A worm (D:2)
  5 giant geckos
  10 orcs
  A ball python (D:2)
  5 bats
  4 giant cockroaches
  6 goblins
  8 hobgoblins
  8 jackals
  2 quokkas
  6 giant newts
  12 kobolds
  A quokka skeleton (D:5)
  10 rats
110 creatures vanquished.

Notes
Turn   | Place    | Note
-------+----------+-------------------------------------------
     0 | D:1      | HAL9000 the Ogre Hunter began the quest for the Orb.
     0 | D:1      | Reached XP level 1. HP: 22/22 MP: 1/1
   113 | D:1      | Reached XP level 2. HP: 29/31 MP: 2/2
   136 | D:1      | Reached skill level 1 in Maces & Flails
   396 | D:1      | Reached skill level 2 in Maces & Flails
   474 | D:1      | Reached XP level 3. HP: 37/37 MP: 3/3
   783 | D:2      | Found a glowing golden altar of the Shining One.
  1035 | D:2      | Reached skill level 3 in Maces & Flails
  1341 | D:2      | Found a white marble altar of Elyvilon.
  1354 | D:2      | Found a glowing silver altar of Zin.
  1395 | D:2      | Reached XP level 4. HP: 48/48 MP: 4/4
  1472 | D:2      | Found a runed door.
  1476 | D:2      | Noticed Crazy Yiuf
  1479 | D:2      | Killed Crazy Yiuf
  1625 | D:2      | Reached skill level 4 in Maces & Flails
  1634 | D:2      | Found a blossoming altar of Fedhas.
  1683 | D:3      | Reached XP level 5. HP: 51/55 MP: 5/5
  2015 | D:3      | Found a snail-covered altar of Cheibriados.
  2117 | D:3      | Reached skill level 5 in Fighting
  2183 | D:3      | Reached skill level 5 in Maces & Flails
  2512 | D:4      | Found a staircase to the Ecumenical Temple.
  2521 | Temple   | Entered the Ecumenical Temple
  2640 | Temple   | Became a worshipper of Trog the Wrathful
  2710 | D:4      | Reached XP level 6. HP: 63/66 MP: 6/6
  2782 | D:4      | Noticed a phantom
  2829 | D:4      | Killed a phantom
  2829 | D:4      | Reached skill level 6 in Maces & Flails
  2842 | D:4      | Noticed Multipenetrator's ghost (amateur DECj)
  3130 | D:4      | Found Umicvi's Armour Emporium.
  3212 | D:4      | Reached skill level 7 in Maces & Flails
  3212 | D:4      | Reached XP level 7. HP: 48/75 MP: 7/7
  3355 | D:4      | Found a deep blue altar of Sif Muna.
  3356 | D:4      | Found a shattered altar of Ashenzari.
  3433 | D:4      | Found Xana's Antique Armour Shoppe.
  3442 | D:4      | Bought a creamy pearl robe for 148 gold pieces
  3452 | D:4      | Identified the +1 robe of the Five Dances {Regen+} (You bought it in a shop on level 4 of the Dungeon)
  3481 | D:4      | Killed Multipenetrator's ghost
  3481 | D:4      | Reached skill level 8 in Maces & Flails
  3509 | D:4      | Found a basalt altar of Yredelemnul.
  3812 | D:5      | Entered Level 5 of the Dungeon
  3838 | D:5      | Reached skill level 9 in Maces & Flails
  3838 | D:5      | Reached XP level 8. HP: 87/87 MP: 8/8
  3995 | D:5      | Found an oddly glowing altar of Pakellas.
  4125 | D:5      | Reached skill level 10 in Maces & Flails
  4669 | D:6      | Reached * piety under Trog
  4744 | D:6      | HP: 3/89 [orc warrior/short sword (18)]
  4746 | D:6      | Mangled by an orc warrior

Vault maps used:
D:1:      dpeg_arrival_round_a
D:2:      amethyst_overflow_temple_binary, nicolae_overflow_hidden_temple,
          lemuel_coloured_pillars_altar, uniq_crazy_yiuf_cottage
D:3:      cheibriados_altar_1, first_bread, minmay_hedge_maze,
          grunt_ministairs_1
D:4:      gammafunk_temple_overflow_statue, nicolae_overflow_crystal_walls,
          serial_shops, shop, nicolae_shop_trees
D:5:      lemuel_ice_spiral_2, overflow_temple_1_default
D:6:      grunt_gozag_statues, serial_shops, shop, uniq_grinder, uniq_edmund
Temple:   nicolae_temple_figure_zero

Skill      XL: |  1  2  3  4  5  6  7  8 |
---------------+-------------------------+-----
Dodging        | 2 |  2.1
Fighting       | 3 4 5 6 7 8 |  8.6
Maces & Flails | 2 3 4 5 7 9 10 | 10.9
Throwing       | |  4.0
Stealth        | |  0.7

Action                   |  1- 3 |  4- 6 |  7- 9 || total
-------------------------+-------+-------+-------++-------
Melee: Short sword       |    15 |       |       ||    15
       Mace              |   108 |   150 |    59 ||   317
       Giant spiked club |       |       |    58 ||    58
Throw: Large rock        |     2 |    11 |     9 ||    22
       Throwing net      |       |     2 |       ||     2
Evoke: Wand              |       |     3 |     1 ||     4
  Use: Scroll            |       |     6 |     8 ||    14
       Potion            |       |       |     1 ||     1
 Stab: Sleeping          |     1 |     1 |       ||     2
  Eat: Chunk             |     2 |     5 |     6 ||    13
Armor: Robe              |    38 |    42 |    46 ||   126
Dodge: Dodged            |    79 |    76 |    92 ||   247
